 Dungeon Crawl Stone Soup version 0.30-a0-528-g8c47a4955b (webtiles) character file.

Game seed: 4038747072723636499

46 Sabo the Covered (level 3, 0/33 HPs)
             Began as an Armataur Fighter on Dec 23, 2022.
             Succumbed to a goblin's poison
             ... on level 2 of the Dungeon.
             The game lasted 00:05:17 (710 turns).

Sabo the Covered (Armataur Fighter)                  Turns: 710, Time: 00:05:18

Health: 0/33       AC:  7    Str: 23    XL:     3   Next: 44%
Magic:  3/3        EV:  7    Int:  8    God:
Gold:   46         SH:  4    Dex:  9    Spells: 2/2 levels left

rFire   . . .      SeeInvis .    h - +1 falchion (elec)
rCold   . . .      Faith    .    c - +0 buckler
rNeg    . . .      Spirit   .    b - +0 scale mail
rPois   .          Reflect  .    (no helmet)
rElec   .          Harm     .    (no cloak)
rCorr   .          Roll     +    (no gloves)
Will    .....                    (no barding) Stlth
                                 (no amulet)
HPRegen 0.25/turn                (no ring)
MPRegen 0.08/turn                (no ring)

@: mighty, lethally poisoned (0 -> -4), attractive, invisible
A: large, rugged brown scales 3, deformed body, armoured tail, roll, long
tongue, awkward tongue
a: no special abilities


You were on level 2 of the Dungeon.
You visited 1 branch of the dungeon, and saw 2 of its levels.

You collected 46 gold pieces.

Inventory:

Hand Weapons
 a - a +0 war axe
 h - a +1 falchion of electrocution (weapon)
 i - a +0 dagger of flaming
Armour
 b - a +0 scale mail (worn)
 c - a +0 buckler (worn)
Scrolls
 g - a scroll of butterflies {unknown}
 k - a scroll of enchant armour {unknown}
Potions
 d - a potion of might
 e - a potion of curing {unknown}
 l - a potion of attraction


   Skills:
 + Level 3.0 Fighting
 + Level 0.1 Long Blades
 + Level 2.2 Axes
 + Level 4.1 Armour
 + Level 0.1 Dodging
 + Level 3.7 Shields


You had 2 spell levels left.
You didn't know any spells.
Your spell library was empty.

Dungeon Overview and Level Annotations

Branches:
Dungeon (2/15)

Altars:


Innate Abilities, Weirdness & Mutations

You are completely covered in rugged brown scales. (AC +3, +7% HP)
Armour fits poorly on your strangely shaped body.
You have a long armoured tail.
You roll when moving toward enemies. (Rampage)
Your long tongue fully drains potion bottles. (2x potion effects)
Your tongue gives you trouble enunciating. (1.5x scroll delay)


Message History

A giant cockroach comes into view.
A goblin comes into view. It is wielding a +0 club.
The giant cockroach moves out of view.
You feel sick.
You are no longer poisoned.
The goblin shouts!
The goblin hits you with a +2 dagger of venom.
You are poisoned.
You see here an adder corpse.
You feel very sick.
The goblin hits you with a +2 dagger of venom.
You are lethally poisoned!
A hobgoblin comes into view.
The hobgoblin shouts!
You hit the goblin. Lightning courses through the goblin!!
You kill the goblin!
You feel extremely sick.
A frilled lizard comes into view.
* * * LOW HITPOINT WARNING * * *
You feel very sick.
A worm comes into view.
You see here a +2 dagger of venom.
You slurp down every last drop of the 2 potions of might!
You feel very mighty all of a sudden.
* * * LOW HITPOINT WARNING * * *
You feel very sick.
You closely miss the goblin.
* * * LOW HITPOINT WARNING * * *
You feel very sick. You block the goblin's attack.
The goblin hits you but does no damage. x2
You slurp down every last drop of the 2 coppery potions!
It was a potion of attraction.
You feel attractive to monsters.
* * * LOW HITPOINT WARNING * * *
You feel sick. The goblin hits you but does no damage.
You block the goblin's attack. The worm is attracted toward you.
You slurp down every last drop of the fuming yellow potion!
It was a potion of invisibility.
You fade into invisibility!
You die...

#..†.....#
####...)....#
#.....)<....#
#......†....#
#..#........#
..........###..#
..######..# ##
..###.....## #..
........@#....#
...[...†ggl.....
###.)...Bgw.####
#...........#
#.....#.#.#§.#
#........#.# ..
.......>... . .
..........##..
..........


You could see a worm (unable to see you), a giant cockroach (unable to see you),
a hobgoblin (unable to see you), 2 goblins and a frilled lizard (unable to see
you).

Vanquished Creatures
  An adder (D:2)
  A dart slug (D:1)
  2 endoplasms (D:1)
  3 giant cockroaches (D:1)
  8 goblins
  2 hobgoblins
  3 jackals (D:1)
  A quokka (D:2)
  2 ball pythons (D:1)
  4 bats
  A kobold (D:1)
  2 rats
  A spectral hobgoblin (D:1)
31 creatures vanquished.

Notes
Turn   | Place    | Note
-------+----------+-------------------------------------------
     0 | D:1      | Sabo the Armataur Fighter began the quest for the Orb.
     0 | D:1      | Reached XP level 1. HP: 19/19 MP: 1/1
    36 | D:1      | Found a faded altar of an unknown god.
   108 | D:1      | Reached XP level 2. HP: 26/26 MP: 2/2
   668 | D:2      | Reached XP level 3. HP: 32/33 MP: 3/3
   669 | D:2      | Reached skill level 4 in Armour
   709 | D:2      | HP: 1/33 [poisoned by a goblin]
   710 | D:2      | Succumbed to a goblin's poison

Illustrated notes

Levels and vault maps discovered:
D:1:      scummos_arrival_simple_fountains, layout_basic,
          dreamdust_ecumenical_altar_drowned_temple, grunt_decor_mini_mirrors
D:2:      layout_rooms, serial_shops, nicolae_shop_waterfront, basic_altar

Skill      XL: |  1  2  3 |
---------------+----------+-----
Axes           | 2 |  2.2
Fighting       | 3 |  3.0
Armour         | 4 |  4.1
Long Blades    | |  0.1
Dodging        | |  0.1
Shields        | |  3.7

Action                   || total
-------------------------++-------
Melee: War axe           ||    31
       Tailslap          ||     5
       Falchion          ||    43
  Use: Scroll            ||     1
       Potion            ||     3
Armor: Scale mail        ||    60
Dodge: Dodged            ||    23
Block: Buckler           ||    18

Table legend: (Time is in decaauts)
 A = Elapsed time spent in this place.
 B = Non-inter-level travel time spent in this place.
 C = Inter-level travel time spent in this place.
 D = Time resting spent in this place.
 E = Time spent auto-exploring this place.
 F = Levels seen in this place.
 G = Mean time per level.
                   A        B        C        D        E       F      G
               +--------+--------+--------+--------+--------+-----+--------+
         Total |    738 |    738 |      0 |     57 |      0 |   2 |  369.0 |
       Dungeon |    738 |    738 |      0 |     57 |      0 |   2 |  369.0 |
               +--------+--------+--------+--------+--------+-----+--------+

Top non-repeatable levels by time:
     D:1: 685 daAuts
     D:2: 52 daAuts
